 Dungeon Crawl Stone Soup version 0.28.0-53-g5a82cb258f (webtiles) character file.

Game seed: 5580853557400494554

980 Sin92 the Skirmisher (level 7, -5/56 HPs)
             Began as a Demonspawn Fighter on July 31, 2022.
             Was an Initiate of Gozag.
             Slain by a troll (8 damage)
             ... on level 6 of the Dungeon.
             The game lasted 00:07:49 (5470 turns).

Sin92 the Skirmisher (Demonspawn Fighter)           Turns: 5470, Time: 00:07:50

Health: -5/56      AC:  9    Str: 18    XL:     7   Next: 96%
Magic:  7/7        EV:  9    Int: 10    God:    Gozag
Gold:   634        SH: 10    Dex: 18    Spells: 6/6 levels left

rFire   . . .      SeeInvis .   i - +2 war axe (vorpal)
rCold   . . .      Faith    .   c - +0 buckler
rNeg    . . .      Spirit   .   b - +0 scale mail
rPois   +          Reflect  .   (no helmet)
rElec   .          Harm     .   h - +1 cloak
rCorr   .          Rampage  .   (no gloves)
Will    .....                   (no boots)
Stlth   ..........              (no amulet)
HPRegen 0.18/turn               k - ring of poison resistance
MPRegen 0.10/turn               r - +6 ring of dexterity

@: about to teleport
A: claws 2, condensation shield
a: Renounce Religion, Potion Petition, Call Merchant, Bribe Branch


You were on level 6 of the Dungeon.
You worshipped Gozag.
Gozag was pleased with you.
You visited 1 branch of the dungeon, and saw 6 of its levels.

You collected 634 gold pieces.

Inventory:

Hand Weapons
 a - a +0 war axe
 i - a +2 vorpal war axe (weapon)
 v - a +2 whip of electrocution
Armour
 b - a +0 scale mail (worn)
 c - a +0 buckler (worn)
 d - the +1 Delatra's gloves {ID++}
   (You found it on level 5 of the Dungeon)

   It heals its wearer when they drink unknown potions.
   It restores its wearer's MP when they read unknown scrolls.
 h - a +1 cloak (worn)
 j - the +0 pair of gloves "Wur Zev" {rF++}
   (You found it on level 4 of the Dungeon)

   rF:        It greatly protects you from fire.
Jewellery
 k - a ring of poison resistance (left claw)
 r - a +6 ring of dexterity (right claw)
Scrolls
 p - 2 scrolls of teleportation
 t - 2 scrolls of identify
 u - a scroll of enchant armour {unknown}
Potions
 e - 2 potions of heal wounds
 f - 2 potions of mutation
 g - 2 potions of curing
 l - a potion of lignification
 m - a potion of ambrosia
 n - 2 potions of flight {unknown}
 o - 2 potions of degeneration {unknown}
 q - 2 potions of attraction {unknown}
 s - a potion of haste {unknown}


   Skills:
 + Level 5.4 Fighting
 + Level 4.5 Axes
 + Level 4.9 Armour
 + Level 5.0 Shields


You had 6 spell levels left.
You didn't know any spells.
Your spell library contained the following spells:

 Spells                   Type           Power      Damage    Failure   Level
 Foxfire                  Conj/Fire      0%         2x1d4     82%         1
 Conjure Flame            Conj/Fire      0%         6-21      99%         3
 Ignite Poison            Fire/Tmut/Pois 0%         N/A       99%         3
 Inner Flame              Hex/Fire       0%         N/A       99%         3
 Mephitic Cloud           Conj/Pois/Air  0%         N/A       99%         3
 Flame Wave               Conj/Fire      0%         2d4       100%        4
 Sticky Flame             Conj/Fire      0%         2d3       100%        4
 Freezing Cloud           Conj/Ice/Air   0%         6-21      100%        5


Dungeon Overview and Level Annotations

Branches:
Dungeon (6/15)             Temple (0/1) D:6

Altars:
Gozag


Innate Abilities, Weirdness & Mutations

You have very sharp fingernails.
A meltable shield of frost defends you. (SH +4)


Message History

You closely miss the troll. You block the troll's attack. x2
The troll claws you but does no damage. You block the troll's attack.
The troll claws you. x2
You closely miss the troll. The troll bites you but does no damage.
The troll closely misses you. x2
You barely miss the troll. The troll bites you but does no damage.
The troll claws you. The troll closely misses you.
You hit the troll.
The troll is lightly wounded.
The troll barely misses you. The troll claws you but does no damage.
The troll claws you!
Okay, then.
The troll closely misses you. The troll completely misses you.
The troll claws you but does no damage.
Keep disrobing?
You start removing your armour.
You continue taking off the +0 pair of gloves "Wur Zev" {rF++}.
The troll bites you.
* * * LOW HITPOINT WARNING * * *
The troll barely misses you. You block the troll's attack.
You continue taking off the +0 pair of gloves "Wur Zev" {rF++}.
The troll bites you.
* * * LOW HITPOINT WARNING * * *
The troll barely misses you. The troll claws you but does no damage.
You continue taking off the +0 pair of gloves "Wur Zev" {rF++}.
The troll misses you. The troll claws you.
* * * LOW HITPOINT WARNING * * *
The troll claws you.
* * * LOW HITPOINT WARNING * * *
You continue taking off the +0 pair of gloves "Wur Zev" {rF++}.
The troll bites you.
* * * LOW HITPOINT WARNING * * *
The troll misses you. The troll barely misses you.
You finish taking off the +0 pair of gloves "Wur Zev" {rF++}.
Unknown command.
Unknown command.
As you read the scroll of teleportation, it crumbles to dust.
You feel strangely unstable. The troll bites you!
You die...
Your body crumbles into a pile of gold.

#.##.########
#.##.####...<..
#.##.......>...
#..###.
#.....########..#
#..# #. ####...#
#..### #.##..###.
#.#.# #.... #
#........ #.#.#
##.>.##.#
#.######## #.#.##
#..#... #. #....#
#...T#
###..#####.#@#
#..........#
##.####.#### #.#
#.# #.# #.# ###
## #.# #.# .. ..
#.# #.# #.....
#.# ..# ##..#..
#.# ### ###....#
#.


You could see a troll.

Vanquished Creatures
  Menkaure (D:4)
  An orc warrior (D:5)
  An ogre (D:6)
  3 scorpions
  A bullfrog zombie (D:5)
  4 orc priests
  A gnoll shaman (D:5)
  3 orc wizards
  5 gnolls (D:5)
  9 adders
  A shadow imp (D:5)
  A white imp (D:5)
  2 ufetubi
  An adder skeleton (D:4)
  A worm (D:2)
  3 dart slugs
  22 orcs
  10 endoplasms
  A giant cockroach (D:1)
  3 goblins
  2 hobgoblins
  3 quokkas
  2 ball pythons
  4 bats
  A frilled lizard (D:3)
  2 kobolds
  A rat (D:3)
89 creatures vanquished.

Notes
Turn   | Place    | Note
-------+----------+-------------------------------------------
     0 | D:1      | Sin92 the Demonspawn Fighter began the quest for the Orb.
     0 | D:1      | Reached XP level 1. HP: 18/18 MP: 1/1
   423 | D:1      | Gained mutation: A meltable shield of frost defends you.
                  | (SH +4) [demonic ancestry]
   423 | D:1      | Reached XP level 2. HP: 23/24 MP: 2/2
  1020 | D:2      | Reached XP level 3. HP: 29/29 MP: 3/3
  1025 | D:2      | Found a faded altar of an unknown god.
  1056 | D:2      | Prayed at the altar of an unknown god.
  1056 | D:2      | Became a worshipper of Gozag Ym Sagoz the Greedy
  1668 | D:3      | Found an opulent altar of Gozag.
  1861 | D:3      | Reached XP level 4. HP: 35/35 MP: 4/4
  2775 | D:3      | Identified a scroll of acquirement
  2775 | D:3      | Acquired a +2 vorpal war axe
  2862 | D:4      | Identified the +0 pair of gloves "Wur Zev" {rF++}
  2926 | D:4      | Gained mutation: You have sharp fingernails. [demonic
                  | ancestry]
  2926 | D:4      | Reached XP level 5. HP: 42/42 MP: 5/5
  2929 | D:4      | Noticed Menkaure
  2937 | D:4      | Killed Menkaure
  2958 | D:4      | Gained mutation: You have very sharp fingernails. [demonic
                  | ancestry]
  2958 | D:4      | Reached XP level 6. HP: 48/48 MP: 6/6
  3408 | D:4      | Identified the +1 leather armour of Summer {rPois Will+
                  | Int-3}
  3634 | D:5      | Entered Level 5 of the Dungeon
  3776 | D:5      | Noticed an orc warrior
  3792 | D:5      | Reached XP level 7. HP: 46/55 MP: 7/7
  3821 | D:5      | Found the +1 Delatra's gloves {ID++}
  4144 | D:5      | Reached skill level 5 in Fighting
  4866 | D:6      | Found a staircase to the Ecumenical Temple.
  5314 | D:6      | Reached skill level 5 in Shields
  5457 | D:6      | Noticed a troll
  5470 | D:6      | Slain by a troll

Illustrated notes

Levels and vault maps discovered:
D:1:      eino_arrival_tree_alley, layout_loops_ring
D:2:      layout_basic, chequers_ecumenical_altar_simple
D:3:      layout_loops_ring, mainiacjoe_overflow_surrounded_room,
          roderic_roman_lattice, kennysheep_cluttered_room
D:4:      layout_rooms, hangedman_abyss_or_decor_stabs, uniq_menkaure
D:5:      layout_loops_ring, serial_glass, glass_columns_a, glass_columns_a,
          glass_columns_a, glass_columns_b, pf_guarded_unrand_delatra
D:6:      layout_loops_ring, minmay_temple_entry_mini_moons

Skill      XL: |  1  2  3  4  5  6  7 |
---------------+----------------------+-----
Axes           | 2 3 4 |  4.5
Armour         | 3 4 |  4.9
Shields        | 3 4 5 |  5.0
Fighting       | 4 5 |  5.4

Action                   |  1- 3 |  4- 6 |  7- 9 || total
-------------------------+-------+-------+-------++-------
Melee: War axe           |    84 |   107 |    71 ||   262
  Use: Scroll            |       |    10 |     1 ||    11
       Potion            |       |     1 |     3 ||     4
Armor: Scale mail        |    47 |    48 |    30 ||   125
Dodge: Dodged            |    34 |    49 |    31 ||   114
Block: Buckler           |    33 |    45 |    40 ||   118
